 Dungeon Sprint DCSS version 0.25.1-2-g60ff931df9 (webtiles) character file.

Game seed: 2384943266234339902

25 lepoulpe303 the Chopper (level 2, -2/30 HPs)
             Began as a Deep Dwarf Fighter on Sept 27, 2020.
             Slain by an ogre
             ... wielding a +0 giant club
              (8 damage)
             ... in the Dungeon (Sprint I: "Red Sonja").
             The game lasted 00:00:32 (40 turns).

lepoulpe303 the Chopper (Deep Dwarf Fighter)          Turns: 40, Time: 00:00:32

Health: -2/30      AC:  7    Str: 19    XL:     2   Next: 82%
Magic:  1/1        EV:  7    Int:  8    God:
Gold:   0          SH:  9    Dex: 12    Spells: 1/1 levels left

rFire    . . .     SeeInvis .   a - +0 war axe
rCold    . . .     Gourm    .   c - +0 kite shield
rNeg     . . .     Faith    .   b - +0 scale mail
rPois    .         Spirit   .   (no helmet)
rElec    .         Reflect  .   (no cloak)
rCorr    .         Harm     .   (no gloves)
MR       .....     NoTele   +   (no boots)
Stlth    ..........             (no amulet)
HPRegen  0.00/turn              (no ring)
MPRegen  0.07/turn              (no ring)

@: non-regenerating
A: damage resistance, heal wounds, sense surroundings 1, no regeneration
a: Heal Wounds


You were in the Dungeon.
You were not hungry.

You visited 1 branch

Inventory:

Hand Weapons
 a - a +0 war axe (weapon)
Armour
 b - a +0 scale mail (worn)
 c - a +0 kite shield (worn)
Scrolls
 B - a scroll of blinking {!r}
Potions
 d - a potion of might
 h - a potion of haste
 i - 2 potions of magic
 j - a potion of berserk rage {!q}
 l - a potion of heal wounds
 q - a potion of curing
Comestibles
 e - a ration
 f - 2 chunks of flesh


   Skills:
 * Level 4.0 Fighting
 * Level 4.2 Axes
 + Level 4.1 Armour
 + Level 4.1 Shields


You had one spell level left.
You didn't know any spells.
Your spell library was empty.

Dungeon Overview and Level Annotations

Branches:
Dungeon (1/1)

Altars:


Innate Abilities, Weirdness & Mutations

You are resistant to damage.
You can heal yourself by infusing magical energy.
You passively map a small area around you.
You do not regenerate.


Message History

You feel much better.
Health restored: 30 You now have 1/1 mp.
You open the door.
An ogre comes into view. It is wielding a +0 giant club.
The ogre shouts!
You barely miss the ogre. The ogre hits you with a +0 giant club!
You take 5 damage, and have 25/30 hp.
You barely miss the ogre. The ogre hits you with a +0 giant club!
* * * LOW HITPOINT WARNING * * *
You take 7 damage, and have 18/30 hp.
MASSIVE DAMAGE!!
You barely miss the ogre. The ogre hits you with a +0 giant club!
* * * LOW HITPOINT WARNING * * *
You take 12 damage, and have 6/30 hp.
MASSIVE DAMAGE!!
You hit the ogre. You block the ogre's attack.
You hit the ogre. The ogre hits you with a +0 giant club.
You hit the ogre but do no damage. The ogre hits you with a +0 giant club!
You die...

##########*
*
#<.#.@O..#,
_
#..').#..+
, #..####
+#** #..# *
#..#_ * ≈
#..# _ ** ,
≈ #⌠⌠#_ ∩,,
#### _ + *


You could see an ogre.

Levels and vault maps discovered:
D:        dungeon_sprint_1 [red_sonja_temple_1, red_sonja_temple_small_1]

Notes
Turn   | Place    | Note
-------+----------+-------------------------------------------
     0 | D        | lepoulpe303 the Deep Dwarf Fighter began the quest for the
                  | Orb.
     0 | D        | Reached XP level 1. HP: 20/20 MP: 1/1
    12 | D        | Identified a +4 club
    12 | D        | Identified a +0 leather armour
    12 | D        | Noticed Ijyb
    25 | D        | Killed Ijyb
    25 | D        | Reached skill level 4 in Fighting
    25 | D        | Reached skill level 4 in Axes
    25 | D        | Reached skill level 4 in Armour
    25 | D        | Reached skill level 4 in Shields
    25 | D        | Reached XP level 2. HP: 15/30 MP: 2/2
    33 | D        | Identified a +0 giant club
    33 | D        | Noticed an ogre
    37 | D        | HP: 6/30 [ogre/+0 giant club (12)]
    40 | D        | Slain by an ogre

Table legend:
 A = Turns spent in this place as a percentage of turns spent in the entire game.
 B = Non-inter-level travel turns spent in this place as a percentage of non-inter-level travel turns spent in the entire game.
 C = Inter-level travel turns spent in this place as a percentage of turns spent in this place.
 D = Turns resting spent in this place as a percentage of non-inter-level travel turns spent in this place.
 E = Turns spent auto-exploring this place as a percentage of non-inter-level travel turns spent in this place.
 F = Non-inter-level travel turns spent in this place divided by the number of levels of this place that you've seen.
                   A       B       C       D       E      F
               +-------+-------+-------+-------+-------+----------------------
         Total | 100.0 | 100.0 |   0.0 |   0.0 |   0.0 |  40.0
       Dungeon | 100.0 | 100.0 |   0.0 |   0.0 |   0.0 |  40.0
               +-------+-------+-------+-------+-------+----------------------

Table legend:
 A = Kills in this place as a percentage of kills in entire the game.
 B = Kills by you in this place as a percentage of kills by you in the entire game.
 C = Kills by friends in this place as a percentage of kills by friends in the entire game.
 D = Other kills in this place as a percentage of other kills in the entire game.
 E = Experience gained in this place as a percentage of experience gained in the entire game.
 F = Experience gained in this place divided by the number of levels of this place that you have seen.
                   A       B       C       D       E      F
               +-------+-------+-------+-------+-------+----------------------
         Total | 100.0 | 100.0 |   N/A |   N/A | 100.0 |  36.0
       Dungeon | 100.0 | 100.0 |   N/A |   N/A | 100.0 |  36.0
               +-------+-------+-------+-------+-------+----------------------

Skill      XL: |  1 |
---------------+----+-----
Fighting       | 4 |  4.0
Axes           | 4 |  4.2
Armour         | 4 |  4.1
Shields        | 4 |  4.1

Action                   || total
-------------------------++-------
Melee: War axe           ||    19
 Abil: Heal Wounds       ||     1
Armor: Scale mail        ||     1
Dodge: Dodged            ||     2
Block: Kite shield       ||     9

Vanquished Creatures
  Ijyb (D)
1 creature vanquished.
